 Dungeon Crawl Stone Soup version 0.27-a0-1177-g245c70e1c0 (webtiles) character file.

Game seed: 17786247899481536553

5009 Zonian the Destroyer (level 10, -10/66 HPs)
             Began as a Gnoll Conjurer on May 16, 2021.
             Was a Believer of Hepliaklqana.
             Mangled by a two-headed ogre
             ... wielding a +0 giant club
              (23 damage)
             ... on level 8 of the Dungeon.
             The game lasted 00:23:40 (13179 turns).

Zonian the Destroyer (Gnoll Conjurer)              Turns: 13179, Time: 00:23:41

Health: -10/66     AC:  9    Str:  7    XL:     10   Next: 54%
Magic:  13/21      EV: 16    Int: 19    God:    Hepliaklqana [**....]
Gold:   319        SH:  0    Dex: 18    Spells: 9/23 levels left

rFire    . . .     SeeInvis .   h - +3 dagger (venom)
rCold    . . .     Faith    .   (no shield)
rNeg     . . .     Spirit   .   G - +0 steam dragon scales
rPois    .         Reflect  .   p - +1 helmet
rElec    .         Harm     .   c - +0 cloak
rCorr    .         Rampage  .   (no gloves)
Will     .....                  (no boots)
Stlth    ++++......             q - amulet of the acrobat
HPRegen  0.21/turn              g - ring of wizardry
MPRegen  0.17/turn              x - +6 ring of dexterity

@: no status effects
A: reduced essence, fangs 1, strong nose, distributed training
a: Renounce Religion, Recall Ancestor, Ancestor Identity


You were on level 8 of the Dungeon.
You worshipped Hepliaklqana.
Hepliaklqana was pleased with you.
You visited 2 branches of the dungeon, and saw 9 of its levels.

You collected 319 gold pieces.

Inventory:

Hand Weapons
 e - a +0 dagger
 h - a +3 dagger of venom (weapon)
 l - a +2 dagger of holy wrath
 m - a +0 long sword
 n - a +0 falchion
 B - a +0 falchion of protection
 I - a +1 scimitar of flaming
Missiles
 d - 11 boomerangs
 j - 52 sling bullets
 v - 16 javelins
 z - 7 atropa-tipped darts
 F - 2 curare-tipped darts
Armour
 c - a +0 cloak (worn)
 p - a +1 helmet (worn)
 t - a +1 ring mail
 G - +0 steam dragon scales (worn)
Jewellery
 g - a ring of wizardry (left hand)
 i - a ring of ice
 q - an amulet of the acrobat (around neck)
 x - a +6 ring of dexterity (right hand)
 H - a ring of protection from cold
Wands
 s - a wand of flame (3)
 A - a wand of charming (11)
 C - a wand of iceblast (5)
Scrolls
 b - 2 scrolls of identify
 f - 2 scrolls of magic mapping
 k - a scroll of enchant weapon
 o - 2 scrolls of fear
 r - 4 scrolls of teleportation
 y - 2 scrolls of holy word
Potions
 a - a potion of haste
 u - 2 potions of magic
 w - a potion of lignification
 D - 3 potions of heal wounds
 E - a potion of flight


   Skills:
 + Level 5.4 Fighting
 + Level 5.4 Short Blades
 + Level 5.4 Long Blades
 + Level 5.4 Axes
 + Level 5.4 Maces & Flails
 + Level 5.4 Polearms
 + Level 5.4 Staves
 + Level 5.4 Slings
 + Level 5.4 Bows
 + Level 5.4 Crossbows
 + Level 5.4 Throwing
 + Level 5.4 Armour
 + Level 7.1 Dodging
 + Level 6.9 Stealth
 + Level 5.4 Shields
 + Level 5.4 Unarmed Combat
 + Level 7.4 Spellcasting
 + Level 8.5 Conjurations
 + Level 4.4 Hexes
 + Level 4.4 Summonings
 + Level 4.4 Necromancy
 + Level 4.4 Translocations
 + Level 4.4 Transmutations
 + Level 4.4 Fire Magic
 + Level 4.4 Ice Magic
 + Level 4.4 Air Magic
 + Level 4.4 Earth Magic
 + Level 4.4 Poison Magic
 + Level 5.9 Invocations
 + Level 5.4 Evocations


You had 9 spell levels left.
You knew the following spells:

 Your Spells              Type           Power      Damage    Failure   Level
a - Magic Dart            Conj           100%       1d8       1%          1
b - Searing Ray           Conj           78%        3d6       1%          2
c - Dazzling Flash        Conj/Hex       62%        N/A       1%          3
d - Iskenderun's Mystic   Conj/Tloc      31%        2d8       2%          4
e - Fulminant Prism       Conj/Hex       15%        3d11      2%          4

Your spell library contained the following spells:

 Spells                   Type           Power      Damage    Failure   Level
 Animate Skeleton         Necr           48%        N/A       1%          1
 Apportation              Tloc           48%        N/A       1%          1
 Corona                   Hex            26%        N/A       1%          1
 Summon Small Mammal      Summ           96%        N/A       1%          1


Dungeon Overview and Level Annotations

Branches:
Dungeon (8/15)             Temple (1/1) D:5
   Lair: D:8-11

Altars:
Ashenzari
Cheibriados
Dithmenos
Elyvilon
Fedhas
Gozag
Hepliaklqana
Kikubaaqudgha
Okawaru
Qazlal
Trog
Uskayaw
Vehumet
Wu Jian
Xom
Zin
The Shining One

Shops:
D:1 (*[(:   D:8 [((

Annotations:
D:3 1 runed translucent door, Crazy Yiuf


Innate Abilities, Weirdness & Mutations

Your life essence is reduced to manifest your ancestor. (-10% HP)
You have very sharp teeth.
Your uncanny sense of smell can sniff out nearby items.
Your experience applies equally to all skills.


Message History

You bite the two-headed ogre, but do no damage.
The two-headed ogre is moderately wounded.
The two-headed ogre barely misses you.
The two-headed ogre completely misses you.
Unknown command.
You hit the two-headed ogre but do no damage.
The two-headed ogre is poisoned.
The two-headed ogre is moderately wounded.
Unknown command.
You hit the two-headed ogre.
The two-headed ogre looks as sick as possible!
The two-headed ogre is moderately wounded.
The two-headed ogre completely misses you.
The two-headed ogre closely misses you.
You hit the two-headed ogre.
The two-headed ogre is moderately wounded.
Unknown command.
You hit the two-headed ogre. You punch the two-headed ogre.
The two-headed ogre is heavily wounded.
The two-headed ogre hits you with a +0 giant club!
The two-headed ogre hits you with a +0 giant club!!
* * * LOW HITPOINT WARNING * * *
You hit the two-headed ogre but do no damage.
The two-headed ogre is heavily wounded.
Unknown command.
You feel much better. The two-headed ogre closely misses you.
The two-headed ogre completely misses you.
Unknown command.
Casting: Magic Dart (safe; 1% risk of failure)
Confirm with . or Enter, or press ? or * to list all spells.
Aiming: Searing Ray (safe; 1% risk of failure)
Press: ? - help, Shift-Dir - straight line, f/p - two-headed ogre
Aim: a two-headed ogre, wielding two +0 giant clubs (severely wounded, very poisoned, 91% to hit)
The searing ray hits the two-headed ogre.
The two-headed ogre is severely wounded. (Press . to maintain the ray.)
The two-headed ogre hits you with a +0 giant club!!
* * * LOW HITPOINT WARNING * * *
The two-headed ogre hits you with a +0 giant club!!
You die...

.# # .#.# #
#.#.# # #.#.#
# # #.#.# #
## ∆ #.#.## #
.## ∆ ∆
#.#.## ∆ ∆ #
#.## ∆
#.#O##∆ #
.#.## ∆
##@#R## #
#.#.## ##.#.#
# ##.#.##
##.#.##∆
##.#.##
##.#.##
##.#.##
##.#.##
##)#.##
##[#.##
##.#.###.#.##
##.#.#.#.##
##.#.#.##


You could see the friendly MOOFY the knight and a two-headed ogre (very
poisoned).

Vanquished Creatures
  A two-headed ogre (D:8)
  An ugly thing (D:7)
  Prince Ribbit (D:7)
  A wyvern (D:7)
  A steam dragon (D:8)
  2 sky beasts
  A necrophage (D:5)
  A black bear (D:6)
  An ogre (D:4)
  2 centaurs
  2 kobold brigands (D:8)
  A bullfrog (D:8)
  2 scorpions
  A wyvern zombie (D:6)
  Dowan (D:6)
  2 water moccasin skeletons (D:5)
  A bullfrog zombie (D:6)
  3 hounds
  2 jellies
  A centaur skeleton (D:5)
  4 orc priests
  A bullfrog skeleton (D:5)
  4 iguanas
  4 orc wizards
  2 gnolls (D:7)
  A howler monkey skeleton (D:7)
  5 adders
  A white imp (D:5)
  An ufetubus (D:4)
  An adder skeleton (D:4)
  A worm (D:2)
  3 dart slugs
  17 orcs
  5 ball pythons
  6 bats
  5 endoplasms
  A giant cockroach (D:1)
  7 goblins
  6 hobgoblins
  2 jackals (D:1)
  5 quokkas
  2 frilled lizards
  10 kobolds
  A rat (D:2)
123 creatures vanquished.

Vanquished Creatures (collateral kills)
  Erica (D:8)
  Joseph (D:8)
  A wyvern (D:8)
  Duvessa (D:6)
  2 bullfrogs
  A hound (D:7)
  A jelly (D:6)
  A centaur skeleton (D:7)
  3 orc wizards
  2 gnolls (D:7)
  An adder (D:6)
  3 orcs
18 creatures vanquished.

Vanquished Creatures (others)
  2 knights (D:8)
  4 ancestors
6 creatures vanquished.

Grand Total: 147 creatures vanquished

Notes
Turn   | Place    | Note
-------+----------+-------------------------------------------
     0 | D:1      | Zonian the Gnoll Conjurer began the quest for the Orb.
     0 | D:1      | Reached XP level 1. HP: 13/13 MP: 6/6
   249 | D:1      | Reached XP level 2. HP: 19/19 MP: 5/7
   269 | D:1      | Found Zythro Usad's Antique Weapon Emporium.
   283 | D:1      | Found Edinifeg's General Store.
   294 | D:1      | Found Tadun's Antique Weapon Boutique.
   308 | D:1      | Found Mimoniad's Antique Armour Shoppe.
   467 | D:1      | Found Tibai's Book Boutique.
   595 | D:1      | Reached XP level 3. HP: 25/25 MP: 0/9
   743 | D:1      | Found a faded altar of an unknown god.
   970 | D:2      | Reached skill level 5 in Spellcasting
  1082 | D:2      | Learned a level 2 spell: Searing Ray
  1109 | D:2      | Reached skill level 1 in Invocations
  1919 | D:2      | Reached skill level 1 in Fighting
  1919 | D:2      | Reached skill level 1 in Short Blades
  1919 | D:2      | Reached skill level 1 in Long Blades
  1919 | D:2      | Reached skill level 1 in Axes
  1919 | D:2      | Reached skill level 1 in Maces & Flails
  1919 | D:2      | Reached skill level 1 in Polearms
  1919 | D:2      | Reached skill level 1 in Staves
  1919 | D:2      | Reached skill level 1 in Slings
  1919 | D:2      | Reached skill level 1 in Bows
  1919 | D:2      | Reached skill level 1 in Crossbows
  1919 | D:2      | Reached skill level 1 in Throwing
  1919 | D:2      | Reached skill level 1 in Armour
  1919 | D:2      | Reached skill level 1 in Shields
  1919 | D:2      | Reached skill level 1 in Unarmed Combat
  1919 | D:2      | Reached skill level 1 in Evocations
  2228 | D:3      | Found a runed translucent door.
  2229 | D:3      | Noticed Crazy Yiuf
  2266 | D:3      | Reached XP level 4. HP: 27/32 MP: 3/11
  2379 | D:3      | Reached skill level 1 in Hexes
  2379 | D:3      | Reached skill level 1 in Summonings
  2379 | D:3      | Reached skill level 1 in Necromancy
  2379 | D:3      | Reached skill level 1 in Translocations
  2379 | D:3      | Reached skill level 1 in Transmutations
  2379 | D:3      | Reached skill level 1 in Fire Magic
  2379 | D:3      | Reached skill level 1 in Ice Magic
  2379 | D:3      | Reached skill level 1 in Air Magic
  2379 | D:3      | Reached skill level 1 in Earth Magic
  2379 | D:3      | Reached skill level 1 in Poison Magic
  2614 | D:3      | Reached XP level 5. HP: 37/37 MP: 8/12
  4015 | D:4      | Noticed a centaur
  4952 | D:4      | Killed a centaur
  4953 | D:4      | Reached XP level 6. HP: 31/44 MP: 7/13
  5518 | D:4      | Reached skill level 5 in Dodging
  6064 | D:4      | Reached XP level 7. HP: 50/50 MP: 15/15
  6505 | D:5      | Entered Level 5 of the Dungeon
  6621 | D:5      | Found a bloodstained altar of Trog.
  6869 | D:5      | Found a staircase to the Ecumenical Temple.
  7189 | D:5      | Learned a level 3 spell: Dazzling Flash
  7213 | Temple   | Entered the Ecumenical Temple
  7246 | Temple   | Became a worshipper of Hepliaklqana the Forgotten
  7381 | D:5      | Reached skill level 5 in Stealth
  7695 | D:5      | Found a white marble altar of Elyvilon.
  7839 | D:5      | Found an opulent altar of Gozag.
  8012 | D:5      | Reached * piety under Hepliaklqana
  8177 | D:6      | Reached XP level 8. HP: 51/51 MP: 12/16
  8643 | D:6      | Noticed Duvessa
  8940 | D:6      | Noticed Dowan
  9026 | D:6      | Killed Duvessa
  9087 | D:6      | Killed Dowan
  9879 | D:7      | Noticed a white ugly thing
  9894 | D:7      | Noticed a wyvern
  9911 | D:7      | Killed a wyvern
  9912 | D:7      | Reached XP level 9. HP: 28/58 MP: 6/18
 10184 | D:7      | Killed a white ugly thing
 10752 | D:7      | Reached skill level 8 in Conjurations
 11381 | D:7      | Noticed Prince Ribbit
 11390 | D:7      | Killed Prince Ribbit
 11543 | D:7      | Reached ** piety under Hepliaklqana
 11544 | D:7      | Remembered your ancestor MOOFY as a knight
 11681 | D:8      | Reached skill level 5 in Invocations
 12067 | D:8      | Noticed Joseph
 12076 | D:8      | Noticed a two-headed ogre
 12284 | D:8      | Found Itejehif's Antique Armour Shoppe.
 12379 | D:8      | Killed a two-headed ogre
 12380 | D:8      | Reached skill level 5 in Fighting
 12380 | D:8      | Reached skill level 5 in Short Blades
 12380 | D:8      | Reached skill level 5 in Long Blades
 12380 | D:8      | Reached skill level 5 in Axes
 12380 | D:8      | Reached skill level 5 in Maces & Flails
 12380 | D:8      | Reached skill level 5 in Polearms
 12380 | D:8      | Reached skill level 5 in Staves
 12380 | D:8      | Reached skill level 5 in Slings
 12380 | D:8      | Reached skill level 5 in Bows
 12380 | D:8      | Reached skill level 5 in Crossbows
 12380 | D:8      | Reached skill level 5 in Throwing
 12380 | D:8      | Reached skill level 5 in Armour
 12380 | D:8      | Reached skill level 5 in Shields
 12380 | D:8      | Reached skill level 5 in Unarmed Combat
 12380 | D:8      | Reached skill level 5 in Evocations
 12380 | D:8      | Reached XP level 10. HP: 63/66 MP: 15/20
 12391 | D:8      | Learned a level 4 spell: Iskenderun's Mystic Blast
 12396 | D:8      | Learned a level 4 spell: Fulminant Prism
 12430 | D:8      | Found Gaomuk Mehi's Antique Weapon Boutique.
 12441 | D:8      | Killed Joseph
 12907 | D:8      | Found Naocw's Weapon Emporium.
 12931 | D:8      | Noticed Erica
 12944 | D:8      | Killed Erica
 13161 | D:8      | Noticed a two-headed ogre
 13179 | D:8      | Mangled by a two-headed ogre

Illustrated notes

Levels and vault maps discovered:
D:1:      ncdulo_watergridlock, layout_rooms, serial_shops, shop, shop, shop,
          shop, shop, serial_forest, infiniplex_forest_straight_3,
          infiniplex_forest_lined_2, infiniplex_forest_straight_2,
          infiniplex_forest_straight_1, infiniplex_forest_clump_diagonal,
          infiniplex_forest_clump_double, infiniplex_forest_diagonal,
          infiniplex_forest_3_way, ebering_ecumenical_altar_petrified
D:2:      layout_basic
D:3:      layout_loops_ring, hangedman_decor_push, uniq_crazy_yiuf_cottage
D:4:      layout_cave_pools, nicolae_overflow_hidden_temple,
          serial_column_ruins, column_ruins_courtyard_long,
          column_ruins_circle_medium, column_ruins_open_large,
          column_ruins_corridor_T, column_ruins_columns_straight,
          column_ruins_columns_straight, column_ruins_open_small,
          feat_on_display
D:5:      layout_gridville, amcnicky_altar_gilded, general_overflow_altar,
          lemuel_doored_altar, minmay_temple_entry_statues
D:6:      layout_rooms, amcnicky_mini_rare_corridor_liquid, uniq_duvessa
D:7:      minmay_chambers_of_fours, layout_gridville, minmay_misc_feat_ornament,
          uniq_prince_ribbit1
D:8:      minmay_inner_zag, layout_basic, dk_yredelemnul_ordeal, serial_shops,
          shop, shop, shop, uniq_joseph, uniq_erica
Temple:   eino_temple_lava

Skill      XL: |  1  2  3  4  5  6  7  8  9 10 |
---------------+-------------------------------+-----
Spellcasting   | 5 6 7 |  7.4
Invocations    | 1 2 3 4 5 |  5.9
Fighting       | 1 2 3 5 |  5.4
Short Blades   | 1 2 3 5 |  5.4
Long Blades    | 1 2 3 5 |  5.4
Axes           | 1 2 3 5 |  5.4
Maces & Flails | 1 2 3 5 |  5.4
Polearms       | 1 2 3 5 |  5.4
Staves         | 1 2 3 5 |  5.4
Slings         | 1 2 3 5 |  5.4
Bows           | 1 2 3 5 |  5.4
Crossbows      | 1 2 3 5 |  5.4
Throwing       | 1 2 3 5 |  5.4
Armour         | 1 2 3 5 |  5.4
Shields        | 1 2 3 5 |  5.4
Unarmed Combat | 1 2 3 5 |  5.4
Evocations     | 1 2 3 5 |  5.4
Hexes          | 1 2 3 4 |  4.4
Summonings     | 1 2 3 4 |  4.4
Necromancy     | 1 2 3 4 |  4.4
Translocations | 1 2 3 4 |  4.4
Transmutations | 1 2 3 4 |  4.4
Fire Magic     | 1 2 3 4 |  4.4
Ice Magic      | 1 2 3 4 |  4.4
Air Magic      | 1 2 3 4 |  4.4
Earth Magic    | 1 2 3 4 |  4.4
Poison Magic   | 1 2 3 4 |  4.4
Dodging        | 5 6 7 |  7.1
Stealth        | 5 6 |  6.9
Conjurations   | 8 |  8.5

Action                   |  1- 3 |  4- 6 |  7- 9 | 10-12 || total
-------------------------+-------+-------+-------+-------++-------
Melee: Dagger            |     1 |    27 |    96 |    19 ||   143
       Bite              |       |     3 |    10 |     2 ||    15
       Punch             |       |       |     1 |     1 ||     2
 Cast: Magic Dart        |    77 |    77 |   155 |    18 ||   327
       Searing Ray       |       |     5 |    22 |     5 ||    32
Invok: Ancestor Identity |       |       |     1 |       ||     1
       Ancestor Life: Kn |       |       |     1 |       ||     1
  Use: Scroll            |     1 |     5 |    12 |       ||    18
       Potion            |       |     1 |     2 |     1 ||     4
 Stab: Sleeping          |       |     1 |     3 |     1 ||     5
Armor: Robe              |     1 |     2 |       |       ||     3
       Ring mail         |       |    22 |    47 |       ||    69
       Steam dragon scal |       |       |       |     2 ||     2
Dodge: Dodged            |     8 |    50 |    73 |    17 ||   148

Table legend: (Time is in decaauts)
 A = Elapsed time spent in this place.
 B = Non-inter-level travel time spent in this place.
 C = Inter-level travel time spent in this place.
 D = Time resting spent in this place.
 E = Time spent auto-exploring this place.
 F = Levels seen in this place.
 G = Mean time per level.
                   A        B        C        D        E       F      G
               +--------+--------+--------+--------+--------+-----+--------+
         Total |  13161 |  12731 |    430 |   6035 |   5054 |   9 | 1462.3 |
       Dungeon |  13086 |  12666 |    420 |   6035 |   4995 |   8 | 1635.8 |
        Temple |     75 |     65 |     10 |      0 |     59 |   1 |   75.0 |
               +--------+--------+--------+--------+--------+-----+--------+

Top non-repeatable levels by time:
     D:3: 2620 daAuts
     D:7: 2304 daAuts
     D:5: 1606 daAuts
     D:4: 1593 daAuts
     D:8: 1338 daAuts
     D:6: 1331 daAuts
     D:2: 1326 daAuts
     D:1: 965 daAuts
  Temple: 75 daAuts
